 Dungeon Crawl Stone Soup version 0.26.0-91-g99b343417d (webtiles) character file.

Game seed: 15069897026789840027

5959 teolandon225 the Unseen (level 10, 0/45 HPs)
             Began as a Spriggan Enchanter on Feb 3, 2021.
             Was an Initiate of Gozag.
             Slain by a bullfrog zombie (6 damage)
             ... on level 9 of the Dungeon.
             The game lasted 00:30:14 (15307 turns).

teolandon225 the Unseen (Spriggan Enchanter)       Turns: 15307, Time: 00:30:14

Health: 0/45       AC:  4    Str:  4    XL:     10   Next: 54%
Magic:  10/15      EV: 26    Int: 26    God:    Gozag
Gold:   1563       SH:  5    Dex: 17    Spells: 1/14 levels left

rFire    + . .     SeeInvis +   t - +2 dagger (venom)
rCold    . . .     Faith    .   (shield restricted)
rNeg     . . .     Spirit   .   m - +0 robe
rPois    .         Reflect  +   (helmet restricted)
rElec    .         Harm     .   H - +1 cloak
rCorr    .         Rampage  .   (gloves unavailable)
Will     +....                  (boots unavailable)
Stlth    ++++++....             J - amulet of reflection
HPRegen  0.15/turn              o - +6 ring of intelligence
MPRegen  0.14/turn              c - ring of protection from fire

@: gold aura, very quick
A: very small, unfitting armour, see invisible, speed 3
a: Renounce Religion, Potion Petition, Call Merchant, Bribe Branch


You were on level 9 of the Dungeon.
You worshipped Gozag.
Gozag was most pleased with you.
You visited 2 branches of the dungeon, and saw 10 of its levels.
You also visited: Ossuary.

You collected 1610 gold pieces.
You paid 47 gold pieces to Gozag.

Inventory:

Hand Weapons
 t - a +2 dagger of venom (weapon)
Missiles
 k - 23 sling bullets
 n - 260 stones
Armour
 m - a +0 robe (worn)
 F - a +0 cloak
 H - a +1 cloak (worn)
Jewellery
 c - a ring of protection from fire (right hand)
 e - an uncursed ring of positive energy
 o - a +6 ring of intelligence (left hand)
 v - an uncursed amulet of guardian spirit
 J - an amulet of reflection (around neck)
Wands
 a - a wand of flame (35)
 b - a wand of acid (7)
 r - a wand of random effects (19)
 I - a wand of digging (2)
Scrolls
 d - 6 scrolls of remove curse
 h - 2 scrolls of teleportation
 p - a scroll of amnesia
 u - a scroll of immolation
 A - a scroll of magic mapping
Potions
 f - a potion of heal wounds
 g - 8 potions of flight
 i - 4 potions of haste
 l - 4 potions of lignification
 q - 3 potions of resistance
 w - 2 potions of cancellation
 x - 2 potions of curing
 C - 3 potions of invisibility
 G - a potion of ambrosia


   Skills:
 + Level 1.2 Fighting
 - Level 1.1 Short Blades
 - Level 10.3 Dodging
 * Level 15.4 Stealth
 - Level 2.6 Spellcasting
 - Level 12.1 Hexes


You had one spell level left.
You knew the following spells:

 Your Spells              Type           Power        Failure   Level
a - Blink                 Tloc           N/A          14%         2
e - Tukima's Dance        Hex            61%          1%          3
q - Ensorcelled Hibernat  Hex/Ice        70%          1%          2
r - Dazzling Flash        Conj/Hex       70%          2%          3
w - Confusing Touch       Hex            61%          1%          3

Your spell library contained the following spells:

 Spells                   Type           Power        Failure   Level
 Corona                   Hex            67%          1%          1
 Beastly Appendage        Tmut           6%           10%         1
 Magic Dart               Conj           12%          10%         1
 Slow                     Hex            61%          1%          2
 Call Imp                 Summ           3%           14%         2
 Wereblood                Tmut           3%           14%         2
 Metabolic Englaciation   Hex/Ice        17%          22%         5
 Yara's Violent Unravell  Hex/Tmut       17%          22%         5
 Conjure Flame            Conj/Fire      3%           28%         3
 Gell's Gravitas          Tloc           1%           28%         3
 Mephitic Cloud           Conj/Pois/Air  3%           28%         3
 Spider Form              Tmut/Pois      1%           28%         3
 Ice Form                 Ice/Tmut       3%           67%         4
 Petrify                  Tmut/Erth      3%           67%         4
 Blade Hands              Tmut           1%           95%         5


Dungeon Overview and Level Annotations

Branches:
Dungeon (9/15)             Temple (1/1) D:4         Ossuary (visited)
   Lair: D:8-11         Orc: D:9-12

Altars:
Ashenzari
Cheibriados
Dithmenos
Elyvilon
Fedhas
Gozag
Hepliaklqana
Kikubaaqudgha
Makhleb
Nemelex Xobeh
Okawaru
Qazlal
Ru
Sif Muna
Trog
Uskayaw
Vehumet
Wu Jian
Xom
Yredelemnul
Zin
The Shining One

Shops:
D:6 *

Annotations:
D:3 exclusion: downstairs


Innate Abilities, Weirdness & Mutations

You are very small and have problems with some larger weapons.
You are too small for most types of armour.
You have supernaturally acute eyesight. (SInv)
You cover ground extremely quickly.


Message History

Press: ? - help, Shift-Dir - straight line, f - boulder beetle
Aim: a boulder beetle (chance to affect: 46%)
The boulder beetle resists with some effort.
The boulder beetle bites you!!
* * * LOW HITPOINT WARNING * * *
Okay, then.
As you read the scroll of teleportation, it crumbles to dust.
You feel strangely unstable.
The boulder beetle curls into a ball and begins rolling!
There is a stone staircase leading up, spattered with blood here.
Your surroundings suddenly seem different.
A bullfrog zombie comes into view.
Found a scroll of identify and a fading whip.
Found a stone staircase leading down.
You strike the helpless bullfrog zombie from behind!
You impale the bullfrog zombie!!
The bullfrog zombie is almost destroyed.
The bullfrog zombie hits you.
You die...
Your body crumbles into a pile of gold.

######.. . . #).......
#)...§.. #.. #........
#D...Y§# ##.#.#........
#.l..Y.# #....#........
#....... .#.#..#........
#....#..
>...............§Y......
#h..........h§.##...Y
#?..@.......... #....
.......Z....... ..
..##..######... . #... .
.. .... .. #.#.. ..S #
## ..n ... $ ...


You could see a hound (wandering) and a bullfrog zombie.

Vanquished Creatures
  A two-headed ogre (D:7)
  The ghost of promet the Covert, a novice VSBr of Dithmenos (D:7)
  Maggie (D:7)
  A troll (D:8)
  6 yaks (D:9)
  A soldier ant (shapeshifter) (D:8)
  An acid dragon (D:9)
  A black bear (D:6)
  4 sky beasts
  2 phantoms
  4 ogres
  A necrophage (D:8)
  4 centaurs
  2 elf zombies (Ossuary)
  2 bullfrogs
  5 scorpions
  3 wights (D:8)
  3 howler monkeys
  A jelly (D:8)
  2 hounds
  2 orc priests
  A quasit (D:7)
  A centaur skeleton (D:7)
  A centaur zombie (D:8)
  2 orc wizards (D:5)
  Crazy Yiuf (D:4)
  A bullfrog skeleton (D:5)
  Terence (D:2)
  Ijyb (D:3)
  3 iguanas
  3 worker ants
  A killer bee zombie (D:8)
  2 big kobold zombies (Ossuary)
  A hound zombie (D:8)
  3 mummies
  2 hound skeletons
  A worker ant zombie (D:7)
  10 gnolls
  A howler monkey skeleton (D:5)
  10 adders
  A shadow imp (D:5)
  3 white imps
  5 ufetubi
  An adder zombie (Ossuary)
  An adder skeleton (D:9)
  5 worms
  5 dart slugs
  4 leopard geckos
  23 orcs
  8 bats
  4 giant cockroaches
  6 goblins
  9 hobgoblins
  7 jackals
  3 quokkas
  5 ball pythons
  6 frilled lizards
  2 goblin zombies (Ossuary)
  9 hobgoblin zombies (Ossuary)
  A jackal skeleton (D:7)
  8 kobolds
  12 kobold zombies (Ossuary)
  A leopard gecko skeleton (D:5)
  A leopard gecko zombie (D:5)
  8 orc zombies (Ossuary)
  A quokka skeleton (D:7)
  2 quokka zombies
  7 rats
  A rat zombie (Ossuary)
243 creatures vanquished.

Vanquished Creatures (collateral kills)
  An orc warrior (D:8)
  A wyvern zombie (D:8)
  A wight (D:8)
  An orc priest (D:8)
  An orc wizard (D:8)
  2 orcs (D:8)
7 creatures vanquished.

Vanquished Creatures (others)
  An orc (D:5)
1 creature vanquished.

Grand Total: 251 creatures vanquished

Notes
Turn   | Place    | Note
-------+----------+-------------------------------------------
     0 | D:1      | teolandon225 the Spriggan Enchanter began the quest for the
                  | Orb.
     0 | D:1      | Reached XP level 1. HP: 9/9 MP: 5/5
   128 | D:1      | Reached XP level 2. HP: 6/13 MP: 4/6
   131 | D:1      | Learned a level 2 spell: Ensorcelled Hibernation
   514 | D:1      | Reached skill level 5 in Stealth
  1314 | D:2      | Reached XP level 3. HP: 16/16 MP: 5/8
  1318 | D:2      | Learned a level 3 spell: Confusing Touch
  1943 | D:2      | Reached XP level 4. HP: 12/21 MP: 2/9
  2102 | D:2      | Reached skill level 6 in Stealth
  2453 | D:2      | Found a glowing golden altar of the Shining One.
  2454 | D:2      | Found a bloodstained altar of Trog.
  2454 | D:2      | Noticed Terence
  2466 | D:2      | Killed Terence
  2467 | D:2      | Reached skill level 5 in Hexes
  2991 | D:3      | Reached XP level 5. HP: 24/24 MP: 3/10
  3096 | D:3      | Learned a level 3 spell: Tukima's Dance
  3523 | D:3      | Noticed Ijyb
  3531 | D:3      | Killed Ijyb
  3532 | D:3      | Reached skill level 7 in Stealth
  4285 | D:4      | Found a staircase to the Ecumenical Temple.
  4293 | Temple   | Entered the Ecumenical Temple
  4420 | Temple   | Became a worshipper of Gozag Ym Sagoz the Greedy
  4674 | D:4      | Reached XP level 6. HP: 15/28 MP: 1/11
  4931 | D:4      | You fall into a shaft and drop 3 floors!
  5061 | D:7      | Reached skill level 5 in Dodging
  5083 | D:7      | Noticed a sky beast
  5165 | D:7      | Noticed a sky beast
  5616 | D:7      | Reached skill level 8 in Stealth
  5706 | D:7      | Found a shadowy altar of Dithmenos.
  6484 | D:6      | Reached XP level 7. HP: 28/32 MP: 9/12
  6677 | D:6      | Reached skill level 9 in Stealth
  7021 | D:6      | Found Peamecia's Assorted Antiques.
  7184 | D:5      | Entered Level 5 of the Dungeon
  7205 | D:5      | Found a sand-covered staircase.
  7215 | Ossuary  | Entered an ossuary
  8708 | Ossuary  | Learned a level 2 spell: Blink
  9083 | Ossuary  | Reached skill level 10 in Stealth
  9483 | D:5      | Reached XP level 8. HP: 36/36 MP: 13/13
  9505 | D:5      | Found a broken altar of Ashenzari.
 10287 | D:5      | Reached skill level 11 in Stealth
 11317 | D:4      | Found a runed translucent door.
 11318 | D:4      | Noticed Crazy Yiuf
 11500 | D:4      | Found a basalt altar of Yredelemnul.
 11770 | D:4      | Killed Crazy Yiuf
 12206 | D:7      | Found a transporter.
 12284 | D:7      | Reached skill level 12 in Stealth
 12284 | D:7      | Reached XP level 9. HP: 39/39 MP: 11/14
 12566 | D:7      | Noticed promet's ghost (novice VSBr)
 12569 | D:7      | Found a transporter.
 12570 | D:7      | Identified the +5 dire flail of Insufficient Pleasure
                  | {spect, rPois}
 12570 | D:7      | Noticed a two-headed ogre
 12619 | D:7      | Noticed Maggie
 12980 | D:7      | Killed Maggie
 12981 | D:7      | Reached skill level 10 in Hexes
 13118 | D:7      | Killed a two-headed ogre
 13119 | D:7      | Reached skill level 13 in Stealth
 13130 | D:7      | Killed promet's ghost
 13328 | D:8      | Reached skill level 14 in Stealth
 13358 | D:8      | Noticed a troll
 13364 | D:8      | Killed a troll
 13365 | D:8      | Reached XP level 10. HP: 44/44 MP: 15/15
 13525 | D:8      | Learned a level 3 spell: Dazzling Flash
 14338 | D:8      | Reached skill level 10 in Dodging
 14783 | D:9      | Noticed a boulder beetle
 14948 | D:9      | Reached skill level 15 in Stealth
 15296 | D:9      | Reached skill level 1 in Fighting
 15307 | D:9      | Slain by a bullfrog zombie

Illustrated notes

Levels and vault maps discovered:
D:1:      dpeg_arrival_rhombus, layout_basic
D:2:      layout_basic, gammafunk_temple_overflow_pools,
          kennysheep_small_spiral, uniq_terence
D:3:      layout_basic, nrook_loot_triangle, chequers_serial_rivers_room_a,
          uniq_ijyb
D:4:      layout_gridville, yredelemnul_altar_generic,
          minmay_temple_entry_water_ring, uniq_crazy_yiuf_cottage
D:5:      layout_basic, overflow_temple_1_default, cheibrodos_sewer_entry_drain,
          gup_ossuary_entry_pyramid
D:6:      layout_loops_ring, serial_shops, shop
D:7:      layout_cave_pods, nicolae_dithmenos_the_darkroom,
          gammafunk_ghost_smash, hangedman_decor_growths, uniq_maggie
D:8:      layout_basic, grunt_ministairs_1
D:9:      minmay_cut_squares, layout_loops_ring
Temple:   minmay_crystal_spiral_temple

Skill      XL: |  1  2  3  4  5  6  7  8  9 10 |
---------------+-------------------------------+-----
Hexes          | 4 5 6 8 9 11 12 | 12.1
Stealth        | 5 6 7 8 10 12 14 15 | 15.4
Dodging        | 4 5 6 8 9 10 | 10.3
Fighting       | 1 |  1.2
Short Blades   | |  1.1
Spellcasting   | |  2.6

Action                   |  1- 3 |  4- 6 |  7- 9 | 10-12 || total
-------------------------+-------+-------+-------+-------++-------
Melee: Dagger            |    77 |   156 |   332 |    94 ||   659
 Fire: Hunting sling     |     6 |       |       |       ||     6
 Cast: Corona            |     5 |       |       |       ||     5
       Ensorcelled Hiber |    34 |    81 |    42 |    30 ||   187
       Confusing Touch   |       |     6 |    42 |    10 ||    58
       Blink             |       |       |     1 |       ||     1
       Tukima's Dance    |       |       |       |     4 ||     4
Evoke: Wand              |       |       |     1 |       ||     1
  Use: Scroll            |       |     6 |     8 |    11 ||    25
       Potion            |       |       |     1 |     1 ||     2
 Stab: Sleeping          |    23 |    56 |    69 |    20 ||   168
       Confused          |       |     2 |    31 |     8 ||    41
       Distracted        |       |       |     2 |     2 ||     4
Armor: Robe              |    12 |     8 |    10 |     2 ||    32
Dodge: Dodged            |    84 |    88 |   220 |    81 ||   473
Block: Other             |       |       |       |     7 ||     7
